 Dungeon Crawl Stone Soup version 0.30.1-11-g7821555f0a (webtiles) character file.

Game seed: 2231999724948849216

44088 lonewolfV2 the Formicid Catastrophe (level 14, -1/116 HPs)
             Began as a Formicid Fighter on Dec 8, 2023.
             Was an Elder of Qazlal.
             Killed from afar by a starcursed mass (10 damage)
             ... with an accursed screaming
             ... on level 3 of the Abyss.
             The game lasted 00:38:12 (18257 turns).

lonewolfV2 the Formicid Catastrophe (FoFi)         Turns: 18257, Time: 00:38:13

Health: -1/116     AC: 27    Str: 28 (29) XL:     14   Next: 64%
Magic:  28/28      EV: 12    Int:  9      God:    Qazlal [****..]
Gold:   1210       SH: 19    Dex: 15      Spells: 13/13 levels left

rFire   . . .        a - +1 war axe (drain)
rCold   . . .        c - +1 buckler
rNeg    . . .        G - +0 plate armour
rPois   .            (helmet unavailable)
rElec   .            x - +2 cloak
rCorr   .            B - +2 pair of gloves {Stlth+}
SInv    +            n - +2 pair of boots
Will    +....        M - amulet of reflection Stlth
                     R - +6 ring of strength
HPRegen 0.39/turn    I - +5 ring of evasion
MPRegen 0.21/turn

%: repel missiles, reflection
@: studying Polearms, invisible
A: permanent stasis, dig shafts and tunnels, antennae 3, four strong arms,
iridescent scales 1, deterioration 2, high MP 1, noise suppression
a: Dig, Shaft Self, Renounce Religion, Upheaval, Elemental Force


You were on level 3 of the Abyss.
You worshipped Qazlal.
Qazlal was greatly pleased with you.
You visited 2 branches of the dungeon, and saw 15 of its levels.
You visited the Abyss 1 time.
You also visited: Sewer and Gauntlet.

You collected 1210 gold pieces.

Inventory:

Hand Weapons
 a - a +1 war axe of draining (weapon)
Armour
 c - a +1 buckler (worn)
 n - a +2 pair of boots (worn)
 o - a +0 chain mail
 x - a +2 cloak (worn)
 B - a +2 pair of gloves of stealth (worn)
 G - a +0 plate armour (worn)
Jewellery
 b - a ring of protection from fire
 e - an amulet of magic regeneration
 v - a ring of resist corrosion
 w - a ring of protection from cold
 y - the ring "Puf Quge" {rN+ MP+9 Stlth+}
   (You found it on level 9 of the Dungeon)

   [ring of magical power]

   rN:        It protects you from negative energy.
   MP:        It affects your magic capacity (+9).
   Stlth:     It makes you more stealthy.
 A - a ring of poison resistance
 F - a ring of fire
 I - a +5 ring of evasion (right hand)
 K - an amulet of the acrobat
 M - an amulet of reflection (around neck)
 O - an amulet of faith
 R - a +6 ring of strength (left hand)
 S - an amulet of regeneration
Wands
 k - a wand of roots (6)
 m - a wand of mindburst (9)
 p - a wand of flame (29)
 J - a wand of polymorph (2)
 N - a wand of charming (8)
Scrolls
 h - 2 scrolls of identify
 q - 3 scrolls of magic mapping
 s - a scroll of silence
 u - a scroll of blinking
 D - a scroll of fog
 E - 2 scrolls of enchant armour
 H - 3 scrolls of fear
 P - a scroll of butterflies
Potions
 d - 4 potions of degeneration
 f - 4 potions of attraction
 g - 6 potions of haste
 j - 3 potions of flight
 l - 4 potions of magic
 r - 2 potions of brilliance
 t - 2 potions of lignification
 z - 2 potions of ambrosia
 C - 4 potions of curing
 L - a potion of invisibility
 Q - a potion of cancellation


   Skills:
 - Level 12.4 Fighting
 * Level 11.0 Axes
 - Level 11.2 Armour
 - Level 12.6 Shields
 + Level 16.4 Invocations


You had 13 spell levels left.
You didn't know any spells.
Your spell library contained the following spells:

 Spells                   Type           Power      Damage    Failure   Level
 Apportation              Tloc           0%         N/A       98%         1
 Magic Dart               Conj           0%         1d3       98%         1
 Cigotuvi's Dreadful Rot  Necr/Pois/Air  0%         N/A       99%         2
 Ensorcelled Hibernation  Hex/Ice        0%         N/A       99%         2
 Searing Ray              Conj           0%         2d4       99%         2
 Hailstorm                Conj/Ice       0%         3d3       100%        3
 Dispel Undead            Necr           0%         3d6       100%        4
 Fulminant Prism          Conj/Hex       0%         3d5       100%        4
 Manifold Assault         Tloc           0%         N/A       100%        4
 Passage of Golubria      Tloc           0%         N/A       100%        4
 Alistair's Intoxication  Tmut/Pois      0%         N/A       100%        5
 Freezing Cloud           Conj/Ice/Air   0%         6-21      100%        5
 Metabolic Englaciation   Hex/Ice        0%         N/A       100%        5
 Silence                  Hex/Air        0%         N/A       100%        5
 Death Channel            Necr           0%         N/A       100%        6
 Storm Form               Tmut/Air       0%         N/A       100%        7
 Lehudib's Crystal Spear  Conj/Erth      0%         10d2      100%        8
 Blink                    Tloc           Unusable   N/A       N/A         2

Dungeon Overview and Level Annotations

Branches:
Dungeon (14/15)            Temple (1/1) D:6            Lair (0/5) D:9
    Orc (0/2) D:11         Vaults (0/5) D:14          Sewer (visited)
Gauntlet (visited)

Altars:
Ashenzari
Cheibriados
Dithmenos
Elyvilon
Fedhas
Gozag
Hepliaklqana
Kikubaaqudgha
Makhleb
Nemelex Xobeh
Okawaru
Qazlal
Ru
Sif Muna
Trog
Uskayaw
Vehumet
Wu Jian
Xom
Yredelemnul
Zin
The Shining One

Shops:
D:5 [   D:11 ([(   D:14 [[==

Portals:
Trove: D:14 (give +3 ice dragon scales)


Innate Abilities, Weirdness & Mutations

You cannot be hasted, slowed, berserked, paralysed or teleported.
You can dig through walls and to a lower floor.
You have a pair of large antennae on your head. (SInv)
Your four strong arms can wield two-handed weapons with a shield.
You are partially covered in iridescent scales. (AC +2)
Your body often deteriorates upon taking damage.
You have an increased reservoir of magic. (+10% MP)
You passively dampen the noise of your surroundings.


Message History

The living lightning misses you.
The raiju blinks!
A starcursed mass splits.
You block the raiju's attack.
A starcursed mass splits. x2
The raiju bites you but does no damage. You block the starcursed mass's attack.
You miss the raiju.
The raiju is heavily wounded.
You slash the raiju! You drain the raiju. You slash the starcursed mass!
You destroy the starcursed mass!
Qazlal accepts your kill.
You hit the starcursed mass but do no damage.
You block the raiju's attack. x2; A starcursed mass splits.
You slash the raiju!
The raiju is severely wounded.
You slash the starcursed mass!
You destroy the starcursed mass!
Qazlal accepts your kill.
You closely miss the raiju. A chorus of shrieks assaults your mind.
* * * LOW HITPOINT WARNING * * *
The raiju bites you but does no damage. x2
You miss the raiju.
The raiju is severely wounded.
You barely miss the raiju.
You hit the starcursed mass but do no damage.
The starcursed mass is engulfed in blazing flames.
You destroy the starcursed mass!
Qazlal accepts your kill.
The raiju bursts into living lightning!
The living lightning misses you.
The living lightning misses the raiju.
The raiju blinks! x2
The raiju bursts into living lightning!
The living lightning hits you.
* * * LOW HITPOINT WARNING * * *
The living lightning misses the raiju.
The raiju blinks!
You feel better. A chorus of shrieks assaults your mind.
* * * LOW HITPOINT WARNING * * *
You block the raiju's attack.
You fade into invisibility!
A chorus of shrieks assaults your mind.
You die...

. .#. ## ..## .. .
#..#. ## # # #
#..##.# .# .
###°#.># # .
##....#.# .. ##
.#.#.hh@§# . ..
..#.##○#.# ##... #
.○○.#..
....[.)#...X.#..#.#
.#..)###.. ...#.# .
# #..###.XX#.#..###
. ### .#..#.#..# ..
. #....# .# .. #
#### #####


You could see 3 starcursed masses and 2 raiju.

Vanquished Creatures
  Erica (D:8)
  An ogre mage (D:10)
  4 centaur warriors
  2 boulder beetles (D:13)
  6 two-headed ogres
  A flayed ghost (D:8)
  Pikel (D:4)
  2 deep elf pyromancers
  A necromancer (D:14)
  21 ugly things
  6 cyclopes
  2 manticores
  A smoke demon (Abyss:3)
  Psyche (D:8)
  2 unseen horrors (D:10)
  Maggie (D:8)
  2 kobold demonologists (D:10)
  A komodo dragon (D:9)
  A tengu conjurer (D:13)
  A meliai (D:13)
  2 hornets
  7 trolls
  3 raiju (Abyss:3)
  5 slime creatures (D:13)
  A ynoxinul (Abyss:3)
  4 shadows
  18 humans (D:14)
  5 wraiths (D:8)
  2 basilisks
  3 wyverns
  6 vampire mosquitoes
  16 yaks
  A neqoxec (Abyss:3)
  2 steam dragons
  3 acid dragons
  2 water moccasins
  2 sky beasts
  5 orc warriors
  An ice beast (D:7)
  A black bear (D:5)
  An ogre (D:5)
  12 centaurs
  5 starcursed masses (Abyss:3)
  3 phantoms
  A lemure (D:4)
  7 kobold brigands
  3 bullfrogs
  2 gnoll sergeants
  2 scorpions
  10 wights
  19 killer bees
  3 howler monkeys
  7 hounds
  7 orc priests
  A gnoll bouda (D:10)
  6 jellies
  3 iguanas (D:6)
  4 sleepcaps (D:6)
  13 orc wizards
  9 adders
  A white imp (D:6)
  2 ufetubi
  2 worms
  5 dart slugs
  40 orcs
  4 endoplasms
  11 giant cockroaches
  3 goblins
  5 hobgoblins
  6 jackals
  23 kobolds
  6 quokkas
  10 ball pythons
  11 bats (D:8)
  2 frilled lizards
  9 rats
  A lurking horror (Abyss:3)
406 creatures vanquished.

Vanquished Creatures (collateral kills)
  A hydra (D:13)
  A slime creature (D:13)
  A raiju (Abyss:3)
  5 starcursed masses (Abyss:3)
8 creatures vanquished.

Vanquished Creatures (others)
  A human (D:3)
  An orc wizard (D:10)
2 creatures vanquished.

Grand Total: 416 creatures vanquished

Notes
Turn   | Place    | Note
-------+----------+-------------------------------------------
     0 | D:1      | lonewolfV2 the Formicid Fighter began the quest for the
                  | Orb.
     0 | D:1      | Reached XP level 1. HP: 18/18 MP: 1/1
     1 | D:1      | Found a runed translucent door.
    20 | D:1      | Reached XP level 2. HP: 16/24 MP: 2/2
    48 | D:1      | Reached XP level 3. HP: 19/30 MP: 3/3
   355 | D:1      | Found a faded altar of an unknown god.
  1190 | D:2      | Reached XP level 4. HP: 36/37 MP: 4/4
  1242 | D:2      | Found a sparkling altar of Nemelex Xobeh.
  1754 | D:3      | Found a hide-covered altar of Uskayaw.
  1926 | D:3      | Found an ancient bone altar of Kikubaaqudgha.
  1927 | D:3      | Noticed a human
  1929 | D:3      | Killed a human
  2380 | D:4      | Noticed a lemure
  2390 | D:4      | Reached XP level 5. HP: 39/43 MP: 5/5
  2401 | D:4      | Killed a lemure
  2420 | D:4      | Noticed a lemure
  2432 | D:4      | Noticed Pikel
  2439 | D:4      | Noticed a lemure
  2440 | D:4      | Noticed a lemure
  2452 | D:4      | Killed Pikel
  2453 | D:4      | Reached skill level 5 in Fighting
  2453 | D:4      | Reached XP level 6. HP: 42/52 MP: 6/6
  2453 | D:4      | Reached XP level 7. HP: 46/57 MP: 7/7
  2741 | D:4      | Found a glowing drain.
  2754 | Sewer    | Entered a sewer
  2805 | Sewer    | Noticed a water moccasin
  2817 | Sewer    | Killed a water moccasin
  2818 | Sewer    | Reached XP level 8. HP: 50/65 MP: 8/8
  3048 | D:4      | Found a hazy altar of Hepliaklqana.
  3474 | D:5      | Entered Level 5 of the Dungeon
  3619 | D:5      | Found Jixzec's Antique Armour Shoppe.
  3682 | D:5      | Noticed a hornet
  3704 | D:5      | Killed a hornet
  4549 | D:6      | Reached XP level 9. HP: 31/74 MP: 9/9
  4727 | D:6      | Noticed a troll
  4732 | D:6      | Killed a troll
  4733 | D:6      | Reached skill level 5 in Armour
  4733 | D:6      | Reached skill level 5 in Shields
  4852 | D:6      | Found a staircase to the Ecumenical Temple.
  4907 | Temple   | Entered the Ecumenical Temple
  4914 | Temple   | Became a worshipper of Qazlal Stormbringer
  5184 | D:6      | Reached * piety under Qazlal
  5194 | D:6      | Reached XP level 10. HP: 31/76 MP: 10/10
  6077 | D:6      | Found a snail-covered altar of Cheibriados.
  6174 | D:7      | Reached skill level 1 in Invocations
  6232 | D:7      | Reached skill level 2 in Invocations
  6297 | D:7      | Reached skill level 3 in Invocations
  6367 | D:7      | Reached skill level 4 in Invocations
  6913 | D:7      | Found an ornate altar of the Wu Jian Council.
  6930 | D:7      | Reached skill level 5 in Invocations
  7552 | D:8      | Reached skill level 6 in Invocations
  7554 | D:8      | Reached ** piety under Qazlal
  7576 | D:8      | Noticed Maggie
  7584 | D:8      | Killed Maggie
  7922 | D:8      | Found a broken altar of Ashenzari.
  7936 | D:8      | Reached skill level 7 in Invocations
  7956 | D:8      | Found an iron altar of Okawaru.
  7970 | D:8      | Found a runed translucent door.
  7972 | D:8      | Found a bloodstained altar of Trog.
  8008 | D:8      | Noticed a flayed ghost
  8017 | D:8      | Killed a flayed ghost
  8018 | D:8      | Reached skill level 8 in Invocations
  8018 | D:8      | Reached XP level 11. HP: 81/89 MP: 15/17
  8108 | D:8      | Got the Vellum of Snow
  8130 | D:8      | Found a white marble altar of Elyvilon.
  8136 | D:8      | Found a bloodstained altar of Trog.
  8155 | D:8      | Found a burning altar of Makhleb.
  8410 | D:8      | Noticed Psyche
  8413 | D:8      | Noticed Erica
  8425 | D:8      | Killed Psyche
  8426 | D:8      | Reached skill level 9 in Invocations
  8438 | D:8      | Killed Erica
  8867 | D:9      | Reached skill level 10 in Invocations
  8960 | D:9      | Reached skill level 10 in Fighting
  9120 | D:9      | Identified the ring "Puf Quge" {rN+ MP+9 Stlth+}
  9399 | D:9      | Found a shadowy altar of Dithmenos.
  9418 | D:9      | Reached *** piety under Qazlal
 10146 | D:9      | Found a staircase to the Lair.
 10368 | D:10     | Entered Level 10 of the Dungeon
 10418 | D:10     | Noticed a two-headed ogre
 10427 | D:10     | Killed a two-headed ogre
 10428 | D:10     | Reached skill level 11 in Invocations
 10524 | D:10     | Noticed a two-headed ogre
 10532 | D:10     | Killed a two-headed ogre
 10532 | D:10     | Noticed a cyclops
 10543 | D:10     | Killed a cyclops
 10544 | D:10     | Reached XP level 12. HP: 69/100 MP: 20/20
 10577 | D:10     | Reached skill level 12 in Invocations
 11054 | D:10     | Noticed an ogre mage
 11064 | D:10     | Killed an ogre mage
 11688 | D:10     | Found an opulent altar of Gozag.
 11788 | D:10     | Reached skill level 13 in Invocations
 12169 | D:11     | Found Iblottor's Antique Weapon Shoppe.
 12556 | D:11     | Reached **** piety under Qazlal
 12875 | D:11     | Found Guwn's Weapon Shoppe.
 12876 | D:11     | Found a staircase to the Orcish Mines.
 12878 | D:11     | Found Byziorom's Armour Shoppe.
 13019 | D:11     | Reached skill level 10 in Armour
 14059 | D:12     | Noticed a two-headed ogre
 14060 | D:12     | Killed a two-headed ogre
 14081 | D:11     | Reached XP level 13. HP: 90/109 MP: 23/23
 14473 | D:12     | Reached skill level 14 in Invocations
 14501 | D:12     | Found a gate leading to a gauntlet.
 14514 | Gauntlet | Entered a Gauntlet
 14514 | Gauntlet | Found a transporter.
 14514 | Gauntlet | Found a transporter.
 14515 | Gauntlet | Found a transporter.
 14519 | Gauntlet | Found a transporter.
 14536 | Gauntlet | Found a transporter.
 14555 | Gauntlet | Found a transporter.
 14567 | Gauntlet | Found a transporter.
 14583 | Gauntlet | Found a transporter.
 14593 | Gauntlet | Found a transporter.
 14609 | Gauntlet | Found a transporter.
 14618 | Gauntlet | Found a transporter.
 14639 | Gauntlet | Found a transporter.
 14639 | Gauntlet | Noticed a balrug
 14931 | D:12     | Noticed a centaur warrior
 14940 | D:12     | Killed a centaur warrior
 15450 | D:12     | Gained mutation: Your body sometimes deteriorates upon
                  | taking damage. [potion of mutation]
 15450 | D:12     | Gained mutation: You passively dampen the noise of your
                  | surroundings. [potion of mutation]
 15450 | D:12     | Gained mutation: You are partially covered in iridescent
                  | scales. (AC +2) [potion of mutation]
 15450 | D:12     | Gained mutation: You have an increased reservoir of magic.
                  | (+10% MP) [potion of mutation]
 15542 | D:13     | Reached skill level 10 in Shields
 15550 | D:13     | Noticed a centaur warrior
 15558 | D:13     | Killed a centaur warrior
 15642 | D:13     | HP: 5/109 [cyclops/large rock (20)]
 15996 | D:13     | Noticed a six-headed hydra
 16009 | D:13     | Killed a six-headed hydra
 16028 | D:13     | Reached skill level 15 in Invocations
 16663 | D:13     | Noticed a centaur warrior
 16691 | D:13     | Killed a centaur warrior
 16798 | D:14     | Found Seth's Armour Boutique.
 16819 | D:14     | Noticed a centaur warrior
 16831 | D:14     | Killed a centaur warrior
 16834 | D:14     | Reached XP level 14. HP: 83/116 MP: 26/28
 16853 | D:14     | Found Icoum's Jewellery Boutique.
 16953 | D:14     | Identified the +1 leather armour of the Maze {Int+4}
 17306 | D:14     | Reached skill level 16 in Invocations
 17308 | D:14     | Reached skill level 10 in Axes
 17503 | D:14     | Found a portal to a secret trove of treasure.
 17505 | D:14     | Found Jedwun's Jewellery Boutique.
 17559 | D:14     | Found Kexterch's Antique Armour Boutique.
 18071 | D:14     | Found a gate to the Vaults.
 18081 | Abyss:3  | Cast into level 3 of the Abyss (a wizard)
 18141 | Abyss:3  | Gained mutation: Your body often deteriorates upon taking
                  | damage. [a neqoxec]
 18165 | Abyss:3  | Reached ***** piety under Qazlal
 18219 | Abyss:3  | Noticed a starcursed mass
 18225 | Abyss:3  | Noticed a starcursed mass
 18248 | Abyss:3  | HP: 4/116 [raiju/living lightning (10)]
 18257 | Abyss:3  | Killed from afar by a starcursed mass

Illustrated notes

Levels and vault maps discovered:
D:1:      dpeg_arrival_caged_fury, layout_basic, nicolae_ecumenical_lake_church
D:2:      layout_rooms, basic_altar
D:3:      layout_basic, eat_drink_and_be_merry_uskayaw, tgw_kikubaaqudgha
D:4:      layout_loops_ring, nicolae_hepliaklqana_hippocampus,
          portal_sewer_entry_b, minmay_manual_mess, uniq_pikel
D:5:      kennysheep_big_flooded_room, layout_rooms, serial_shops, shop
D:6:      cheibrodos_barr_body, layout_basic, old_standard_altar,
          temple_fountains, st_stairs_11, minmay_misc_feat_ornament,
          grunt_ministairs_12
D:7:      layout_loops_ring, mainiacjoe_overflow_cross_hatched
D:8:      due_megacathedral, layout_basic, kennysheep_generic_room_14,
          uniq_psyche, uniq_erica, uniq_maggie
D:9:      layout_long_grid, nicolae_dithmenos_shadow_blocks, david_lair_shrubbed
D:10:     minmay_imperfect_grid, layout_irregular_city, grunt_gozag_statues,
          minivault_16
D:11:     layout_loops_cross, orc_david_3, serial_bayou_pond_d,
          nicolae_take_the_stairs
D:12:     layout_layer_cave, gauntlet_entry_generic
D:13:     layout_loops_corners, minmay_fractal_squares_diagonal_5
D:14:     layout_loops_ring, grunt_vaults_entry_tiered,
          nicolae_trove_entry_free_sample, serial_shops, shop,
          nicolae_shop_real_fake_doors, shop, nicolae_shop_tiny_glass,
          amcnicky_mini_pool_small, minmay_microvault
Temple:   minmay_freezing_vapour_temple
Abyss:3:  base:
D:2

Skill      XL: |  1  2  3  4  5  6  7  8  9 10 11 12 13 14 |
---------------+-------------------------------------------+-----
Axes           | 3 4 6 8 11 | 11.0
Fighting       | 4 5 6 8 9 11 12 | 12.4
Armour         | 4 7 8 10 11 | 11.2
Shields        | 7 8 12 | 12.6
Invocations    | 8 11 13 15 16 | 16.4

Action                     |  1- 3 |  4- 6 |  7- 9 | 10-12 | 13-15 || total
---------------------------+-------+-------+-------+-------+-------++-------
  Melee: War axe           |    83 |    92 |   216 |   570 |   437 ||  1398
 Invoke: Upheaval          |       |       |       |     5 |     3 ||     8
         Elemental Force   |       |       |       |       |     2 ||     2
Ability: Dig               |       |       |       |     4 |       ||     4
    Use: Scroll            |     2 |     9 |     5 |     9 |     3 ||    28
         Potion            |       |     4 |     1 |     5 |     8 ||    18
 Armour: Scale mail        |    50 |    42 |     8 |       |       ||   100
         Chain mail        |       |       |   130 |   363 |    24 ||   517
         Skin              |       |       |       |    14 |       ||    14
         Plate armour      |       |       |       |       |   205 ||   205
  Dodge: Dodged            |    49 |    46 |    74 |   259 |   184 ||   612
         Repelled          |       |       |       |       |     4 ||     4
  Block: Buckler           |    23 |    25 |    58 |   355 |   418 ||   879
         Reflection        |       |       |       |     2 |    16 ||    18
